 Dungeon Crawl Stone Soup version 0.28-a0-664-gc179e30c89 (webtiles) character file.

Game seed: 10814605541458779715

1214 acebull12 the Magician (level 8, -1/56 HPs)
             Began as a Djinni Fire Elementalist on Oct 16, 2021.
             Was an Initiate of Qazlal.
             Slain by a wyvern (4 damage)
             ... on level 7 of the Dungeon.
             The game lasted 00:28:57 (6809 turns).

acebull12 the Magician (Djinni Fire Elementalist)   Turns: 6809, Time: 00:28:58

Health: -1/56      AC:  4    Str:  7    XL:     8   Next: 74%
Gold:   407        EV: 13    Int: 20    God:    Qazlal [......] SH:  0 Dex: 19

rFire   + + .      SeeInvis .   k - +0 dagger
rCold   x . .      Faith    .   (no shield)
rNeg    . . .      Spirit   .   a - +1 robe
rPois   ∞          Reflect  .   (no helmet)
rElec   .          Harm     .   (no cloak)
rCorr   +          Rampage  .   b - +0 pair of gloves
Will    .....                   (boots unavailable)
Stlth   +++.......              (no amulet)
HPRegen 0.18/turn               l - ring of resist corrosion
MPRegen 0.00/turn               n - +6 ring of dexterity

@: flying
A: sickness immunity, fire resistance 2, cold vulnerability 1, float, innate
caster, hp casting, extra vitality 1
a: Renounce Religion


You were on level 7 of the Dungeon.
You worshipped Qazlal.
Qazlal was noncommittal.
You visited 2 branches of the dungeon, and saw 6 of its levels.

You collected 407 gold pieces.

Inventory:

Hand Weapons
 k - a +0 dagger (weapon)
Missiles
 c - 256 stones
Armour
 a - a +1 robe (worn)
 b - a +0 pair of gloves (worn)
Jewellery
 l - a ring of resist corrosion (left hand)
 n - a +6 ring of dexterity (right hand)
Wands
 q - a wand of paralysis (7)
Scrolls
 d - 3 scrolls of identify
 j - 3 scrolls of summoning {unknown}
Potions
 e - a potion of curing {unknown}
 f - a potion of heal wounds {unknown}
 g - 2 potions of magic {unknown}
 h - 2 potions of resistance
 i - a potion of degeneration {unknown}
 m - a potion of brilliance {unknown}
 o - a potion of lignification {unknown}
 p - a potion of flight {unknown}


   Skills:
 * Level 3.3 Fighting
 + Level 1.0 Short Blades
 + Level 2.8 Dodging
 + Level 3.0 Stealth
 * Level 6.9 Spellcasting


You had one spell level left.
You knew the following spells:

 Your Spells              Type           Power      Damage    Failure   Level
a - Foxfire               Conj/Fire      100%       2x1d9     1%          1
b - Scorch                Fire           68%        2d8       1%          2
c - Conjure Flame         Conj/Fire      34%        6-21      1%          3
d - Inner Flame           Hex/Fire       34%        N/A       1%          3
e - Flame Wave            Conj/Fire      34%        3d7       5%          4
f - Shock                 Conj/Air       100%       1d9       1%          1
g - Static Discharge      Conj/Air       34%        N/A       1%          2
h - Summon Guardian Gole  Hex/Summ       34%        N/A       1%          3
Your spell library was empty.

Dungeon Overview and Level Annotations

Branches:
Dungeon (7/15)             Temple (1/1) D:7

Altars:
Ashenzari
Cheibriados
Dithmenos
Elyvilon
Fedhas
Gozag
Hepliaklqana
Kikubaaqudgha
Makhleb
Nemelex Xobeh
Qazlal
Trog
Vehumet
Wu Jian
Xom
Yredelemnul
Zin
The Shining One

Shops:
D:7 [

Annotations:
D:4 Dowan


Innate Abilities, Weirdness & Mutations

You are immune to sickness and miasma.
You are immune to poison.
Your flesh is very heat resistant. (rF++)
You are vulnerable to cold. (rC-)
You float through the air rather than walking.
You learn spells naturally, not from books.
Your magical power is your life essence.
You have superior vitality. (+4 HP)


Message History

Casting: Foxfire (safe; 1% risk of failure)
Confirm with . or Enter, or press ? or * to list all spells.
You conjure some foxfire!
The foxfire hits the wyvern.
The wyvern is lightly wounded.
The foxfire hits the hound.
The hound is lightly wounded.
An ogre comes into view. It is wielding a +0 giant club.
Casting: Foxfire (safe; 1% risk of failure)
Confirm with . or Enter, or press ? or * to list all spells.
You conjure some foxfire!
The foxfire hits the hound.
The hound is moderately wounded.
The foxfire hits the hound.
The hound is severely wounded.
The foxfire hits the hound.
The hound is almost dead.
Your magical contamination has completely faded away.
The foxfire hits the hound.
The hound is almost dead.
The foxfire hits the hound.
You kill the hound!
Qazlal accepts your kill.
Casting: Foxfire (safe; 1% risk of failure)
Confirm with . or Enter, or press ? or * to list all spells.
You conjure some foxfire!
The foxfire hits the wyvern.
The wyvern is moderately wounded.
The foxfire hits the wyvern.
The wyvern is moderately wounded.
Casting: Foxfire (safe; 1% risk of failure)
Confirm with . or Enter, or press ? or * to list all spells.
You conjure some foxfire!
The wyvern misses you. The wyvern barely misses you.
The foxfire hits the wyvern but does no damage.
The wyvern is moderately wounded.
A steam dragon comes into view.
The steam dragon hisses angrily.
The wyvern bites you! x2; The ogre hits you with a +0 giant club!
* * * LOW HITPOINT WARNING * * *
The wyvern bites you!
* * * LOW HITPOINT WARNING * * *
The wyvern bites you.
You die...

....###......#.##.....####.....##
....# #.....)#.###...##..........
#.### #......).#...<.............
#. #......###.######.......... #.
#......# #.# ######..... #.
#......# #.# #...## ######## #.#
#...# ###.# #...# ..#@# #...#
#.#l# ######.### ..##
#.#.#####...........
..D..##.#O.............###
#.......####..####..###
...#####.##.# #........
#.......##.# .....##..#.#
#####.†###.# #........... #..#
..# # .###......


You could see a wyvern and an ogre.

Vanquished Creatures
  2 ice beasts (D:7)
  A hornet zombie (D:7)
  A necrophage (D:3)
  A sky beast (D:7)
  The ghost of ardl the Skirmisher, an amateur DsFi (D:3)
  A kobold brigand (D:3)
  4 wights (D:7)
  A howler monkey (D:7)
  2 hounds (D:7)
  A centaur skeleton (D:4)
  Jessica (D:3)
  11 gnolls (D:3)
  A howler monkey skeleton (D:7)
  3 adders
  A shadow imp (D:7)
  2 worms (D:3)
  3 dart slugs
  5 orcs
  3 bats
  3 endoplasms
  A giant cockroach (D:2)
  11 goblins
  12 hobgoblins
  13 jackals
  4 quokkas
  5 ball pythons
  A frilled lizard (D:1)
  42 kobolds
  7 rats
144 creatures vanquished.

Vanquished Creatures (others)
  405 foxfires
405 creatures vanquished.

Grand Total: 549 creatures vanquished

Notes
Turn   | Place    | Note
-------+----------+-------------------------------------------
     0 | D:1      | acebull12 the Djinni Fire Elementalist began the quest for
                  | the Orb.
     0 | D:1      | Reached XP level 1. HP: 15/15 MP: 0/0
    27 | D:1      | Reached XP level 2. HP: 10/21 MP: 0/0
   830 | D:1      | Reached skill level 3 in Spellcasting
   972 | D:1      | Reached XP level 3. HP: 19/25 MP: 0/0
   972 | D:1      | Learned a level 1 spell: Shock
  1551 | D:2      | Found a basalt altar of Yredelemnul.
  1907 | D:2      | Reached XP level 4. HP: 21/31 MP: 0/0
  2604 | D:3      | Noticed Jessica
  2606 | D:3      | Killed Jessica
  2607 | D:3      | Reached XP level 5. HP: 29/36 MP: 0/0
  2607 | D:3      | Learned a level 2 spell: Static Discharge
  2609 | D:3      | Reached skill level 1 in Fighting
  2612 | D:3      | Found a shimmering altar of Xom.
  2613 | D:3      | Found a glowing silver altar of Zin.
  2613 | D:3      | Noticed an angel
  2885 | D:3      | Reached skill level 4 in Spellcasting
  3745 | D:3      | Reached XP level 6. HP: 36/42 MP: 0/0
  4998 | D:3      | Found a runed translucent gate.
  4998 | D:3      | Found a runed translucent gate.
  4998 | D:3      | Found a runed translucent gate.
  5000 | D:3      | Found an opulent altar of Gozag.
  5002 | D:3      | Noticed a necrophage
  5003 | D:3      | Noticed ardl's ghost (amateur DsFi)
  5043 | D:3      | Killed a necrophage
  5044 | D:3      | Reached skill level 5 in Spellcasting
  5044 | D:3      | Reached XP level 7. HP: 45/49 MP: 0/0
  5044 | D:3      | Learned a level 3 spell: Summon Guardian Golem
  5055 | D:3      | Killed ardl's ghost
  5283 | D:4      | Noticed Dowan
  5314 | D:4      | Found a bloodstained altar of Trog.
  5386 | D:4      | You are sucked into a shaft and drop 3 floors!
  5490 | D:7      | Found a staircase to the Ecumenical Temple.
  5499 | Temple   | Entered the Ecumenical Temple
  6055 | Temple   | Became a worshipper of Qazlal Stormbringer
  6080 | D:7      | Found Uxzorphik's Armour Boutique.
  6105 | D:7      | Reached skill level 1 in Short Blades
  6105 | D:7      | Reached skill level 6 in Spellcasting
  6105 | D:7      | Reached XP level 8. HP: 38/55 MP: 0/0
  6796 | D:7      | Noticed a wyvern
  6809 | D:7      | Slain by a wyvern

Illustrated notes

Levels and vault maps discovered:
D:1:      saegor_arrival_miasma, layout_basic, columned_hall_lemuel,
          minmay_misc_feat_cross
D:2:      kennysheep_the_goblin_king, layout_basic, basic_altar
D:3:      minmay_goblin_kobold_castle, layout_loops_ring,
          grunt_temple_overflow_order_and_chaos_1, ebering_ghost_gozag,
          uniq_jessica
D:4:      layout_rooms, mainiacjoe_overflow_surrounded_room,
          mainiacjoe_overflow_tiny_flanked, portal_sewer_entry_b, uniq_duvessa
D:7:      layout_loops_cross, minitemple, minmay_temple_entry_glassed_door,
          gammafunk_ghost_cemetery, serial_shops, nicolae_stop_n_shop_2,
          st_stairs_5, chequers_serial_rivers_micro_c
Temple:   eino_temple_water

Skill      XL: |  1  2  3  4  5  6  7  8 |
---------------+-------------------------+-----
Spellcasting   | 3 4 5 6 |  6.9
Stealth        | 2 3 |  3.0
Fighting       | 1 2 3 |  3.3
Short Blades   | 1 |  1.0
Dodging        | |  2.8

Action                   |  1- 3 |  4- 6 |  7- 9 || total
-------------------------+-------+-------+-------++-------
Melee: Unarmed           |    16 |     1 |       ||    17
       Dagger            |       |    41 |     4 ||    45
 Cast: Foxfire           |    78 |    84 |    78 ||   240
       Shock             |     3 |    49 |     4 ||    56
       Conjure Flame     |       |     1 |       ||     1
       Flame Wave        |       |       |     2 ||     2
  Use: Scroll            |       |       |     5 ||     5
Armor: Robe              |     5 |    10 |     4 ||    19
Dodge: Dodged            |    21 |    40 |    10 ||    71

Table legend: (Time is in decaauts)
 A = Elapsed time spent in this place.
 B = Non-inter-level travel time spent in this place.
 C = Inter-level travel time spent in this place.
 D = Time resting spent in this place.
 E = Time spent auto-exploring this place.
 F = Levels seen in this place.
 G = Mean time per level.
                   A        B        C        D        E       F      G
               +--------+--------+--------+--------+--------+-----+--------+
         Total |   6810 |   6651 |    159 |   1496 |   3921 |   6 | 1135.0 |
       Dungeon |   6026 |   5882 |    144 |   1288 |   3509 |   5 | 1205.2 |
        Temple |    784 |    769 |     15 |    208 |    412 |   1 |  784.0 |
               +--------+--------+--------+--------+--------+-----+--------+

Top non-repeatable levels by time:
     D:3: 2921 daAuts
     D:1: 1551 daAuts
     D:2: 832 daAuts
  Temple: 784 daAuts
     D:7: 639 daAuts
     D:4: 81 daAuts
